 Dungeon Crawl Stone Soup version 0.29-a0-464-g50448035db (webtiles) character file.

Game seed: 1280914319856433229

69 Bruhh the Skirmisher (level 4, -6/53 HPs)
             Began as an Ogre Fighter on May 20, 2022.
             Mangled by Sigmund
             ... wielding a +0 scythe
              (11 damage)
             ... on level 3 of the Dungeon.
             The game lasted 00:02:15 (1831 turns).

Bruhh the Skirmisher (Ogre Fighter)                 Turns: 1831, Time: 00:02:16

Health: -6/53      AC:  3    Str: 22    XL:     4   Next: 20%
Magic:  4/4        EV:  8    Int:  9    God:
Gold:   167        SH:  7    Dex:  8    Spells: 3/3 levels left

rFire   . . .      SeeInvis .   a - +1 war axe (vorpal)
rCold   . . .      Faith    .   c - +0 kite shield
rNeg    . . .      Spirit   .   b - +0 robe
rPois   .          Reflect  .   (helmet restricted)
rElec   .          Harm     .   (no cloak)
rCorr   .          Rampage  .   (gloves unavailable)
Will    .....                   (boots unavailable)
Stlth   +.........              (no amulet)
HPRegen 0.17/turn               (no ring)
MPRegen 0.09/turn               (no ring)

@: mighty
A: large, unfitting armour, tough skin 1
a: no special abilities


You were on level 3 of the Dungeon.
You visited 1 branch of the dungeon, and saw 3 of its levels.

You collected 167 gold pieces.

Inventory:

Hand Weapons
 a - a +1 vorpal war axe (weapon)
Missiles
 e - 10 poisoned darts (quivered)
Armour
 b - a +0 robe (worn)
 c - a +0 kite shield (worn)
Scrolls
 f - 2 scrolls of identify
 g - a scroll of amnesia
 n - a scroll of enchant armour
 p - a scroll of enchant weapon
Potions
 h - a potion of curing {unknown}
 i - 2 potions of heal wounds {unknown}
 l - a potion of lignification {unknown}
 m - a potion of haste {unknown}
 o - a potion of invisibility {unknown}


   Skills:
 + Level 6.5 Fighting
 - Level 2.0 Axes
 - Level 2.6 Dodging
 - Level 3.0 Shields


You had 3 spell levels left.
You didn't know any spells.
Your spell library was empty.

Dungeon Overview and Level Annotations

Branches:
Dungeon (3/15)

Altars:

Shops:
D:1 *   D:3 [

Annotations:
D:3 Sigmund


Innate Abilities, Weirdness & Mutations

You are too large for most types of armour.
You have tough skin. (AC +1)


Message History

The ball python hisses angrily.
The ball python barely misses you.
You closely miss Sigmund. You slash the ball python!
You kill the ball python!
Sigmund gestures wildly while chanting.
Sigmund flickers and vanishes!
Deactivating autopickup; reactivate with Ctrl-A.
Something hits you but does no damage.
Unknown command.
Okay, then.
As you read the scroll labelled UCKEPP KADAY, it crumbles to dust.
It is a scroll of brand weapon.
Your +0 war axe emits a brilliant flash of light!
a - a +0 vorpal war axe (weapon)
Okay, then.
Okay, then.
You aren't carrying any pieces of jewellery.
As you read the scroll labelled FYOTUZ HOTUNN, it crumbles to dust.
It is a scroll of enchant weapon.
Your +0 vorpal war axe glows red for a moment.
Something hits you but does no damage.
As you read the scroll labelled ARCHU ROXOCLUDASCH, it crumbles to dust.
The scroll dissolves into smoke.
It was a scroll of fog.
Something hits you.
As you read the scroll labelled HALAPS QUWUJITZ, it crumbles to dust.
It is a scroll of identify.
g - a scroll of amnesia
As you read the scroll of identify, it crumbles to dust.
n - a scroll of enchant armour Something hits you but does no damage.
Okay, then.
You feel very mighty all of a sudden. Something hits you!
Unknown command.
You miss something. Something hits you!
You miss something. Something hits you!
You slice something!! Something completely misses you.
You miss something. Something hits you!
* * * LOW HITPOINT WARNING * * *
You closely miss something. Something hits you!
You die...

#....#.##........
#######...##........
#...................
###.######.#.#......>.
....# #.#..........
##### #.##.........
... #.##..###.### ##.
...###§###§#
#....§§@§§#
....##.§§§{§#
......§.§§§§#
...#####.#.# ≈≈ .....#
. .....# .....#
#######


There were no monsters in sight!

Vanquished Creatures
  An adder (D:3)
  A worm (D:2)
  A dart slug (D:1)
  7 bats
  6 endoplasms
  A giant cockroach (D:1)
  6 hobgoblins
  A quokka (D:1)
  10 ball pythons
  4 frilled lizards
  5 goblins
  7 kobolds
  2 rats
52 creatures vanquished.

Vanquished Creatures (others)
  3 plants (D:1)
3 creatures vanquished.

Grand Total: 55 creatures vanquished

Notes
Turn   | Place    | Note
-------+----------+-------------------------------------------
     0 | D:1      | Bruhh the Ogre Fighter began the quest for the Orb.
     0 | D:1      | Reached XP level 1. HP: 24/24 MP: 1/1
    31 | D:1      | Found Puofoit's Assorted Antiques.
    40 | D:1      | Reached XP level 2. HP: 24/33 MP: 2/2
   148 | D:1      | Found a faded altar of an unknown god.
   194 | D:1      | Reached skill level 5 in Fighting
   381 | D:1      | Reached XP level 3. HP: 37/42 MP: 3/3
   903 | D:2      | Reached skill level 6 in Fighting
  1542 | D:2      | Identified the +2 hunting sling of Terra Cotta {flame,
                  | rCorr Int+2}
  1577 | D:3      | Found Habrorch's Armour Shop.
  1632 | D:3      | Reached XP level 4. HP: 44/53 MP: 4/4
  1817 | D:3      | Noticed Sigmund
  1831 | D:3      | Mangled by Sigmund

Illustrated notes

Levels and vault maps discovered:
D:1:      wander_arrival_lonely_grave, layout_rooms,
          hellmonk_ecumenical_altar_run_dry, serial_shops, shop_fountains,
          serial_bayou_ford_a
D:2:      layout_loops_cross, grunt_ministairs_15
D:3:      layout_rooms, mainiacjoe_overflow_concentric_impassable, serial_shops,
          shop, roderic_lattice_a, uniq_sigmund

Skill      XL: |  1  2  3 |
---------------+----------+-----
Fighting       | 5 6 |  6.5
Axes           | |  2.0
Dodging        | |  2.6
Shields        | |  3.0

Action                   |  1- 3 |  4- 6 || total
-------------------------+-------+-------++-------
Melee: War axe           |   122 |    29 ||   151
  Use: Scroll            |       |     5 ||     5
       Potion            |       |     1 ||     1
Armor: Robe              |    38 |     8 ||    46
Dodge: Dodged            |    48 |    15 ||    63
Block: Kite shield       |    55 |     8 ||    63

Table legend: (Time is in decaauts)
 A = Elapsed time spent in this place.
 B = Non-inter-level travel time spent in this place.
 C = Inter-level travel time spent in this place.
 D = Time resting spent in this place.
 E = Time spent auto-exploring this place.
 F = Levels seen in this place.
 G = Mean time per level.
                   A        B        C        D        E       F      G
               +--------+--------+--------+--------+--------+-----+--------+
         Total |   1911 |   1871 |     40 |      0 |   1455 |   3 |  637.0 |
       Dungeon |   1911 |   1871 |     40 |      0 |   1455 |   3 |  637.0 |
               +--------+--------+--------+--------+--------+-----+--------+

Top non-repeatable levels by time:
     D:2: 943 daAuts
     D:1: 696 daAuts
     D:3: 272 daAuts
